 Dungeon Crawl Stone Soup version 0.28.0-47-ge53b351184 (webtiles) character file.

Game seed: 1258746961753487148

2693 Exodus22XD the Cleaver (level 9, -7/79 HPs)
             Began as a Minotaur Fighter on May 8, 2022.
             Was an Initiate of Ru.
             Mangled by an ogre
             ... wielding a +0 giant club
              (24 damage)
             ... on level 6 of the Dungeon.
             The game lasted 00:06:45 (8326 turns).

Exodus22XD the Cleaver (Minotaur Fighter)           Turns: 8326, Time: 00:06:46

Health: -7/79      AC:  8    Str: 26    XL:     9   Next: 38%
Magic:  8/8        EV:  9    Int:  5    God:    Ru [......]
Gold:   316        SH:  5    Dex:  9    Spells: 8/8 levels left

rFire   . . .      SeeInvis .   a - +0 war axe
rCold   . . .      Faith    .   c - +0 buckler
rNeg    + . .      Spirit   .   b - +0 scale mail
rPois   .          Reflect  .   (helmet restricted)
rElec   .          Harm     .   (no cloak)
rCorr   .          Rampage  .   (no gloves)
Will    .....                   (no boots)
Stlth   ..........              (no amulet)
HPRegen 0.23/turn               m - ring of positive energy
MPRegen 0.11/turn               (no ring)

@: no status effects
A: horns 2, retaliatory headbutt
a: Renounce Religion, Sacrifice Skill, Sacrifice Drink, Sacrifice Experience,
Reject Sacrifices


You were on level 6 of the Dungeon.
You worshipped Ru.
Ru was noncommittal.
You visited 1 branch of the dungeon, and saw 6 of its levels.

You collected 316 gold pieces.

Inventory:

Hand Weapons
 a - a +0 war axe (weapon)
 n - a +1 flail of draining
 p - the +4 spear of Naokaf {protect, rF+ Str+4}
   (You found it on level 4 of the Dungeon)

   It grants its wielder temporary protection when it strikes (+7 to AC).
   Str:       It affects your strength (+4).
   rF:        It protects you from fire.
Armour
 b - a +0 scale mail (worn)
 c - a +0 buckler (worn)
Jewellery
 m - a ring of positive energy (left hand)
 o - a ring of magical power
Wands
 r - a wand of flame (45)
 s - a wand of paralysis (11)
 w - a wand of polymorph (8)
Scrolls
 e - a scroll of fear
 f - a scroll of enchant weapon {unknown}
 i - 3 scrolls of magic mapping {unknown}
 j - 4 scrolls of enchant armour
 k - a scroll of amnesia {unknown}
 l - 3 scrolls of fog {unknown}
 u - 2 scrolls of teleportation {unknown}
 x - a scroll of immolation {unknown}
Potions
 d - 2 potions of might
 g - a potion of degeneration {unknown}
 h - 2 potions of magic
 q - a potion of lignification
 t - a potion of curing {unknown}
 v - a potion of haste {unknown}
 z - a potion of flight {unknown}


   Skills:
 + Level 7.2 Fighting
 + Level 10.6 Axes
 + Level 9.1 Armour
 + Level 5.9 Shields


You had 8 spell levels left.
You didn't know any spells.
Your spell library contained the following spells:

 Spells                   Type           Power      Damage    Failure   Level
 Freeze                   Ice            0%         1d3       80%         1
 Sandblast                Erth           0%         2d4       80%         1
 Slow                     Hex            0%         N/A       80%         1
 Passwall                 Tmut/Erth      0%         N/A       91%         2
 Confusing Touch          Hex            0%         N/A       99%         3
 Portal Projectile        Hex/Tloc       0%         N/A       99%         3
 Stone Arrow              Conj/Erth      0%         3d7       99%         3
 Blade Hands              Tmut           0%         N/A       100%        5
 Excruciating Wounds      Necr           0%         N/A       100%        5
 Ozocubu's Refrigeration  Ice            0%         4d5       100%        7
 Discord                  Hex            0%         N/A       100%        8


Dungeon Overview and Level Annotations

Branches:
Dungeon (6/15)             Temple (0/1) D:6

Altars:
Qazlal
Ru
Sif Muna
Yredelemnul
Zin

Annotations:
D:6 1 transporter, Skiberibeda's ghost, novice OpTm


Innate Abilities, Weirdness & Mutations

You have a pair of horns on your head.
You reflexively headbutt those who attack you in melee.


Message History

You kill the water moccasin!
Ru believes you are ready to make a new sacrifice.
There is a stone staircase leading up here.
The ogre shouts!
You hear two shouts!
You see here 10 arrows.
Skiberibeda's ghost turns its malevolent gaze towards you.
u - 2 scrolls labelled ZIAMMOM BONITT (gained 1)
An ogre comes into view. It is wielding a +0 giant club.
The ogre shouts!
Okay, then.
A jelly comes into view.
Found a scroll of identify.
The jelly quivers.
You block the ogre's attack.
You hit the ogre.
The ogre is lightly wounded.
The ogre hits you with a +0 giant club!
You hit the ogre but do no damage.
The ogre is lightly wounded.
You barely miss the jelly. The jelly hits you but does no damage.
The ogre hits you with a +0 giant club!
You hit the ogre but do no damage. You headbutt the ogre.
The ogre is heavily wounded.
You slash the jelly!
Your hands burn!
The jelly hits you but does no damage. You block the ogre's attack.
You slice the jelly!!
You kill the jelly!
You hit the ogre. You hit the ogre but do no damage.
The ogre is heavily wounded.
The ogre hits you with a +0 giant club!!
You are too injured to fight recklessly!
You barely miss the ogre.
The ogre is heavily wounded.
The ogre hits you with a +0 giant club!
* * * LOW HITPOINT WARNING * * *
You hit the ogre.
The ogre is heavily wounded.
The ogre hits you with a +0 giant club!!
You die...

######....# #...#.....#
...$.#....# ...........#
##..#...## .......?...#
#..#.#..## # ...........#
#..#.#..#### ...........#
#.$#©..... ...........#
[...(#...... .........O.#
.##.(#©..#.. ........@..#
#..#$#...#.. ....#.>.####
#..#.#...... #...#...##
.##..#...... #........##
...O#.....(
##........#########......
##..........#...........
.............#...........
...........#...#.#.......
.......#...#..####.......


You could see an ogre.

Vanquished Creatures
  Grinder (D:3)
  Sigmund (D:5)
  Menkaure (D:4)
  Edmund (D:5)
  A water moccasin (D:6)
  An ice beast (D:6)
  A black bear (D:6)
  An orc warrior (D:4)
  A sky beast (D:5)
  A bullfrog (D:6)
  Blork the orc (D:5)
  A gnoll sergeant (D:5)
  2 scorpions
  3 water moccasin skeletons
  A centaur zombie (D:6)
  8 orc priests
  3 hounds
  4 jellies
  A gnoll shaman (D:6)
  4 iguanas
  Terence (D:3)
  A centaur skeleton (D:5)
  5 orc wizards
  Robin (D:3)
  13 gnolls
  A howler monkey skeleton (D:4)
  12 adders
  2 ufetubi
  2 worms (D:2)
  18 orcs
  2 endoplasms
  5 giant cockroaches
  13 goblins
  7 hobgoblins
  3 jackals (D:2)
  7 kobolds
  2 quokkas
  8 ball pythons
  5 bats
  A frilled lizard (D:1)
  4 rats
151 creatures vanquished.

Notes
Turn   | Place    | Note
-------+----------+-------------------------------------------
     0 | D:1      | Exodus22XD the Minotaur Fighter began the quest for the
                  | Orb.
     0 | D:1      | Reached XP level 1. HP: 19/19 MP: 0/0
   117 | D:1      | Reached XP level 2. HP: 25/27 MP: 1/1
   756 | D:2      | Reached XP level 3. HP: 27/33 MP: 2/2
   991 | D:2      | Found a faded altar of an unknown god.
  1016 | D:2      | Prayed at the altar of an unknown god.
  1016 | D:2      | Became a worshipper of Ru the Awakened
  1060 | D:2      | Reached skill level 3 in Axes
  1396 | D:2      | Reached XP level 4. HP: 36/40 MP: 3/3
  1732 | D:3      | Noticed Grinder
  1854 | D:3      | Reached skill level 4 in Axes
  2167 | D:3      | Reached XP level 5. HP: 29/47 MP: 4/4
  2172 | D:3      | Reached skill level 5 in Armour
  2472 | D:3      | Noticed Robin
  2482 | D:3      | Killed Robin
  2503 | D:3      | Noticed Terence
  2507 | D:3      | Killed Terence
  2508 | D:3      | Reached skill level 5 in Axes
  2580 | D:3      | Found a sacrificial altar of Ru.
  2713 | D:3      | Killed Grinder
  2714 | D:3      | Reached skill level 6 in Axes
  2714 | D:3      | Reached XP level 6. HP: 48/55 MP: 5/5
  2816 | D:3      | Found a shimmering blue altar of Sif Muna.
  2886 | D:4      | Reached skill level 5 in Fighting
  2886 | D:4      | Reached XP level 7. HP: 44/61 MP: 6/6
  3150 | D:4      | Reached skill level 5 in Shields
  3323 | D:4      | Identified the +4 spear of Naokaf {protect, rF+ Str+4}
  3341 | D:4      | Reached skill level 7 in Axes
  4611 | D:4      | Noticed Menkaure
  4619 | D:4      | Killed Menkaure
  4620 | D:4      | Reached XP level 8. HP: 24/70 MP: 7/7
  4938 | D:4      | Reached skill level 8 in Axes
  5149 | D:5      | Entered Level 5 of the Dungeon
  5752 | D:5      | Noticed Blork the orc
  5760 | D:5      | Killed Blork the orc
  6021 | D:5      | Noticed Edmund
  6032 | D:5      | Killed Edmund
  6033 | D:5      | Reached skill level 9 in Axes
  6122 | D:5      | Noticed Sigmund
  6136 | D:5      | Killed Sigmund
  6972 | D:5      | Found a glowing silver altar of Zin.
  6973 | D:5      | Found a stormy altar of Qazlal.
  6974 | D:5      | Found a basalt altar of Yredelemnul.
  7125 | D:6      | Got the Disquisition on Captivating Snow
  7143 | D:6      | Reached XP level 9. HP: 69/78 MP: 8/8
  7373 | D:6      | Reached skill level 10 in Axes
  7947 | D:6      | Found a staircase to the Ecumenical Temple.
  8061 | D:6      | Found a transporter.
  8062 | D:6      | Identified the +7 dire flail of Grim Exoneration {drain,
                  | Int+4}
  8062 | D:6      | Noticed a two-headed ogre
  8069 | D:6      | Noticed Skiberibeda's ghost (novice OpTm)
  8326 | D:6      | Mangled by an ogre

Illustrated notes

Levels and vault maps discovered:
D:1:      nicolae_arrival_washed_ashore, layout_basic, serial_curves,
          eino_curves_02, eino_curves_02
D:2:      layout_loops_ring, shapermc_ecumenical_altar_venn
D:3:      layout_basic, mainiacjoe_overflow_six_doors_small,
          kennysheep_orc_sif_temple, uniq_grinder, uniq_robin, uniq_terence
D:4:      layout_basic, uniq_menkaure
D:5:      layout_layer_cave, chequers_temple_overflow_statue_of_worship,
          abandoned_shop, kennysheep_generic_room_8, uniq_sigmund, uniq_edmund,
          uniq_blork_the_orc
D:6:      layout_cave_pools, minmay_temple_entry_fiery, gammafunk_ghost_smash,
          chequers_serial_rivers_small_b

Skill      XL: |  1  2  3  4  5  6  7  8  9 |
---------------+----------------------------+-----
Armour         | 4 5 7 8 9 |  9.1
Fighting       | 4 5 6 7 |  7.2
Shields        | 4 5 |  5.9
Axes           | 3 4 6 7 9 10 | 10.6

Action                   |  1- 3 |  4- 6 |  7- 9 || total
-------------------------+-------+-------+-------++-------
Melee: War axe           |    89 |    82 |   244 ||   415
       Headbutt          |     9 |    15 |    31 ||    55
Invok: Reject Sacrifices |     1 |       |       ||     1
  Use: Potion            |       |       |     2 ||     2
       Scroll            |       |       |     5 ||     5
Armor: Scale mail        |    64 |    33 |   116 ||   213
Dodge: Dodged            |    42 |    36 |    97 ||   175
Block: Buckler           |    25 |    21 |    45 ||    91
